 Dungeon Crawl Stone Soup version 0.21.1-1-g345015f (webtiles) character file.

1117 diana the Carver (level 7, -8/53 HPs)
             Began as a Demigod Gladiator on June 3, 2018.
             Mangled by Duvessa
             ... wielding a +2 short sword of electrocution
              (12 damage)
             ... on level 5 of the Dungeon.
             The game lasted 00:09:30 (5069 turns).

diana the Carver (Demigod Gladiator)                Turns: 5069, Time: 00:09:30

Health: -8/53      AC:  5    Str: 17    XL:     7   Next: 87%
Magic:  9/9        EV: 13    Int: 12    God:
Gold:   259        SH:  0    Dex: 21    Spells: 6/6 levels left

rFire    . . .     SeeInvis .   a - +0 long sword
rCold    . . .     Gourm    .   (no shield)
rNeg     . . .     Faith    .   b - +0 leather armour
rPois    .         Spirit   .   c - +1 helmet
rElec    .         Reflect  .   (no cloak)
rCorr    .         Harm     .   (no gloves)
MR       .....                  (no boots)
Stlth    ++........             (no amulet)
HPRegen  0.17/turn              (no ring)
MPRegen  0.11/turn              (no ring)

@: no status effects
A: high mp 1
a: no special abilities


You were on level 5 of the Dungeon.
You were not hungry.

You visited 1 branch of the dungeon, and saw 5 of its levels.
You also visited: Sewer.

You collected 259 gold pieces.

Inventory:

Hand Weapons
 a - a +0 long sword (weapon)
Missiles
 d - a throwing net (quivered)
Armour
 b - a +0 leather armour (worn)
 c - a +1 helmet (worn)
 r - a +0 buckler
Jewellery
 x - an uncursed ring of see invisible {unknown}
Wands
 g - a wand of paralysis (5)
Scrolls
 h - 3 scrolls of identify
 i - a scroll of blinking {unknown}
 j - 2 scrolls of amnesia
 k - 8 scrolls of remove curse
 l - 2 scrolls of fear
 m - a scroll of immolation
 A - a scroll of noise {unknown}
 E - a scroll of holy word {unknown}
Potions
 e - 5 potions of curing
 n - a potion of resistance {unknown}
 o - 2 potions of flight {unknown}
 p - 4 potions of agility {unknown}
 q - a potion of mutation {unknown}
 s - a potion of might {unknown}
 t - a potion of degeneration {unknown}
 u - a potion of cancellation {unknown}
 v - 2 potions of invisibility {unknown}
 w - a potion of haste {unknown}
 B - a potion of heal wounds
 C - a potion of magic {unknown}
Books
 y - a book of Necromancy

   Spells                             Type                      Level
   a - Pain                           Necromancy                   1
   b - Animate Skeleton               Necromancy                   1
   c - Vampiric Draining              Necromancy                   3
   d - Regeneration                   Charms/Necromancy            3
   e - Animate Dead                   Necromancy                   4
   f - Borgnjor's Vile Clutch         Necromancy/Earth             5
 z - a book of Maledictions

   Spells                             Type                      Level
   a - Corona                         Hexes                        1
   b - Ensorcelled Hibernation        Hexes/Ice                    2
   c - Confuse                        Hexes                        3
   d - Tukima's Dance                 Hexes                        3
   e - Dazzling Spray                 Conjuration/Hexes            3
Comestibles
 f - 11 rations
 D - 2 chunks of flesh


   Skills:
 - Level 1.7 Fighting
 + Level 9.2 Long Blades
 - Level 1.7 Throwing
 - Level 2.8 Dodging


You had 6 spell levels left.
You didn't know any spells.

Dungeon Overview and Level Annotations

Branches:
Dungeon (5/15)             Temple (0/1) D:4

Annotations:
D:5 Dowan; Duvessa; diana's ghost, novice MiGl


Innate Abilities, Weirdness & Mutations

You have an increased reservoir of magic. (+10% MP)


Message History

Duvessa hits you with a short sword of electrocution!
Dowan hits you but does no damage.
You hit Duvessa.
Duvessa is severely wounded.
Duvessa hits you with a short sword of electrocution.
You are electrocuted!
* * * LOW HITPOINT WARNING * * *
Dowan hits you but does no damage.
You hit Duvessa.
Duvessa is severely wounded.
Duvessa hits you with a short sword of electrocution.
* * * LOW HITPOINT WARNING * * *
Dowan hits you but does no damage.
A leopard gecko comes into view.
You slash Duvessa!
Duvessa is almost dead.
Duvessa hits you with a short sword of electrocution.
* * * LOW HITPOINT WARNING * * *
You are electrocuted!
You die...

#.# ##...##
#.#####.....##
#.......>.....
#..####.....##
#.### ##...##
.##+#######...#
##.##
...e../.....#.# #.#
#....##e#####.# #.#
#.e ##@## #.#
###.#### #
#.e.####.###.......
#..............####
#...###..###.###
.........# #.#
........ ##.##
##.##..#..##...##
l....## .#|....##
#.##.. #......#


You could see Duvessa, Dowan and a leopard gecko.

Vanquished Creatures
  Sigmund (D:5)
  Menkaure (D:4)
  An ogre (D:3)
  A centaur (D:5)
  A crocodile (Sewer)
  A big kobold (D:4)
  Blork the orc (D:5)
  A bullfrog (D:5)
  An orc wizard (D:4)
  An orc priest (D:4)
  A hound (D:5)
  Jessica (D:3)
  4 worker ants
  A worker ant zombie (D:5)
  3 gnolls (D:5)
  3 adders
  An ooze (D:3)
  4 worms
  A dart slug (D:1)
  5 leopard geckos
  7 orcs (D:4)
  11 giant cockroaches
  14 goblins
  4 hobgoblins
  10 jackals
  9 kobolds
  3 quokkas
  2 ball pythons (D:3)
  7 bats
  A frilled lizard (D:1)
  6 rats
108 creatures vanquished.

Notes
Turn   | Place    | Note
-------+----------+-------------------------------------------
     0 | D:1      | diana the Demigod Gladiator began the quest for the Orb.
     0 | D:1      | Reached XP level 1. HP: 17/17 MP: 3/3
     1 | D:1      | Noticed an electric eel
   135 | D:1      | Reached skill level 3 in Long Blades
   180 | D:1      | Reached XP level 2. HP: 21/24 MP: 4/4
   854 | D:2      | Reached XP level 3. HP: 25/29 MP: 5/5
  1014 | D:2      | Reached skill level 4 in Long Blades
  1278 | D:3      | Noticed Jessica
  1281 | D:3      | Reached XP level 4. HP: 36/36 MP: 6/6
  1284 | D:3      | Killed Jessica
  1293 | D:3      | Reached skill level 5 in Long Blades
  1336 | D:3      | Found a glowing drain.
  1350 | Sewer    | Entered a sewer
  1408 | Sewer    | Noticed a crocodile
  1427 | Sewer    | Killed a crocodile
  1427 | Sewer    | Reached XP level 5. HP: 4/41 MP: 7/7
  2090 | D:3      | Noticed an ogre
  2099 | D:3      | Killed an ogre
  2099 | D:3      | Reached skill level 6 in Long Blades
  2248 | D:4      | Noticed Menkaure
  2262 | D:4      | Killed Menkaure
  2262 | D:4      | Reached XP level 6. HP: 16/48 MP: 8/8
  2470 | D:4      | Found a staircase to the Ecumenical Temple.
  2486 | D:4      | Reached skill level 7 in Long Blades
  3615 | D:5      | Entered Level 5 of the Dungeon
  3915 | D:5      | Noticed Sigmund
  3925 | D:5      | Reached XP level 7. HP: 33/53 MP: 9/9
  3927 | D:5      | Killed Sigmund
  3927 | D:5      | Reached skill level 8 in Long Blades
  3973 | D:5      | Noticed diana's ghost (novice MiGl)
  4222 | D:5      | Noticed Blork the orc
  4615 | D:5      | Reached skill level 9 in Long Blades
  4838 | D:5      | Killed Blork the orc
  5049 | D:5      | Noticed Duvessa
  5050 | D:5      | Noticed Dowan
  5069 | D:5      | Mangled by Duvessa

Skill      XL: |  1  2  3  4  5  6  7 |
---------------+----------------------+-----
Long Blades    | 3 4 5 6 7 9 |  9.2
Fighting       | |  1.7
Throwing       | |  1.7
Dodging        | |  2.8

Action                   |  1- 3 |  4- 6 |  7- 9 || total
-------------------------+-------+-------+-------++-------
Melee: Long sword        |   113 |   158 |    78 ||   349
Throw: Throwing net      |       |     3 |       ||     3
Evoke: Wand              |       |     5 |       ||     5
  Use: Scroll            |     7 |       |       ||     7
       Potion            |       |     3 |       ||     3
 Stab: Sleeping          |     3 |     1 |     1 ||     5
       Held in net/web   |       |     2 |       ||     2
       Paralysed         |       |     9 |       ||     9
  Eat: Chunk             |     1 |     6 |     3 ||    10
       Ration            |       |     1 |       ||     1
Armor: Leather armour    |    27 |    23 |    16 ||    66
Dodge: Dodged            |   122 |   101 |    43 ||   266
       Rpst.: Long sword |    41 |    34 |    14 ||    89
